Cogmind - Beta 9.6 @@@ ROGUE MODE // 2020.06.07 @ 07:52:59 Player: homogoblin Result: Self-destructed Performance ------------- Evolutions (1) 500 Regions Visited (2) 400 Robots Destroyed (7) 35 Value Destroyed (190) 190 Prototype IDs (0) 0 Alien Tech Used (0) 0 Bonus (0) 0 TOTAL SCORE: 1125 Bonus ------- None Cogmind --------- Core Integrity 55/400 Matter 200/300 Energy 100/100 System Corruption 0% Temperature Cool (0) Movement Core (100) Ox1 Location -9/Materials Parts ------- > --- POWER (1) -------- (None) > --- PROPULSION (4) --- (None) > --- UTILITY (2) ------ Small Storage Unit > --- WEAPON (2) ------- Katana > --- INVENTORY (6) ---- Flail Peak State ------------ > --- POWER ------------ (None) > --- PROPULSION ------- Light Treads Aluminum Leg > --- UTILITY ---------- Small Storage Unit > --- WEAPON ----------- Beam Rifle > --- INVENTORY -------- Beam Rifle [Rating: 5] Favorites ----------- Power None Propulsion Light Treads Treads Light Treads Leg Aluminum Leg Utility Small Storage Unit Storage Small Storage Unit Weapon Assault Rifle Energy Gun Beam Rifle Ballistic Gun Assault Rifle Impact Weapon Flail Slashing Weapon Katana Build | -11 -10 -9 ------- Run | Scr Mat Mat Slots Evolved 2 | . . 2 Power . | . . . Propulsion 2 | . . 2 Utility . | . . . Weapon . | . . . Parts Attached 10 | 2 1 7 Power . | . . . Engine . | . . . Core . | . . . Reactor . | . . . Propulsion 3 | 2 . 1 Treads 2 | 2 . . Leg 1 | . . 1 Wheel . | . . . Hover . | . . . Flight . | . . . Utility 1 | . . 1 Device . | . . . Storage 1 | . . 1 Processor . | . . . Hackware . | . . . Protection . | . . . Artifact . | . . . Weapon 6 | . 1 5 Energy Gun 2 | . . 2 Energy Cannon . | . . . Ballistic Gun 2 | . 1 1 Ballistic Cannon . | . . . Launcher . | . . . Special Weapon . | . . . Impact Weapon 1 | . . 1 Slashing Weapon 1 | . . 1 Piercing Weapon . | . . . Special Melee Weapon . | . . . Unidentified Prototypes . | . . . Parts Lost 6 | . 2 4 Power . | . . . Propulsion 3 | . 1 2 Utility . | . . . Weapon 3 | . 1 2 Highest Loss Streak 3 | . 2 3 Average Slot Usage (%) 34 | . 37 30 Treads 18 | . 28 6 Leg 2 | . . 5 Storage 4 | . . 9 Energy Gun 2 | . . 5 Ballistic Gun 5 | . 9 1 Naked Turns . | . . . Heaviest Build 7 | . 2 7 Greatest Support 40 | 40 40 20 Greatest Overweight (x) 2 | . . 2 Average Overweight (x) . | . . . Largest Inventory Capacity 6 | 4 4 6 Average Capacity 4 | 4 4 5 Most Carried 4 | 3 2 4 Average Carried 1 | 1 1 1 Final Capacity 6 | 4 4 6 Final Carried 2 | 2 2 1 Class Distribution -------------------- 100% | Mutant Dominant Class ---------------- Mutant | -10/Materials Mutant | -9/Materials Resources | -11 -10 -9 ----------- Run | Scr Mat Mat Matter Collected 275 | 220 37 18 Remotely . | . . . Salvage Created 255 | . 177 78 Parts 16 | . 11 5 Haulers Intercepted . | . . . Recyclers Shooed . | . . . Parts Field Recycled . | . . . Retrieved Matter . | . . . Parts Self-Destructed . | . . . Prevented . | . . . Kills | -11 -10 -9 ------- Run | Scr Mat Mat Combat Hostiles Destroyed 6 | . 4 2 Melee 1 | . . 1 Guns 4 | . 4 . Classes Destroyed 4 | . 3 1 Worker 1 | . 1 . Swarmer 2 | . 1 1 Grunt 3 | . 3 . Duelist 1 | . . 1 Best Kill Streak 2 | . 2 2 Combat Bots Only 2 | . 2 2 Max Kills in Single Turn 1 | . 1 1 Gunslinging . | . . . Exploded . | . . . Melee 1 | . . 1 Uniques/NPCs Destroyed . | . . . Combat | -11 -10 -9 -------- Run | Scr Mat Mat Damage Taken 1322 | . 635 687 Core 588 | . 243 345 Absorbed by Shields . | . . . Core Remaining (%) 51 | 100 2 . Volleys Fired 45 | . 27 18 Largest 1 | . 1 1 Hottest 56 | . 20 56 Shots Fired 45 | . 27 18 Gun 45 | . 27 18 Cannon . | . . . Launcher . | . . . Special . | . . . Kinetic 35 | . 27 8 Thermal 10 | . . 10 Explosive . | . . . Electromagnetic . | . . . Robot Hit Streak 4 | . 3 4 Robot Miss Streak 4 | . 4 1 Penetration Max . | . . . Secondary Targets . | . . . Shots Hit Robots 33 | . 15 18 Core Hits 9 | . 8 1 Critical Hits . | . . . Critical Kills . | . . . Critical Parts Destroyed . | . . . Melee Attacks 10 | . . 10 Impact 8 | . . 8 Slashing 2 | . . 2 Piercing . | . . . Sneak Attacks . | . . . Combat Hostiles . | . . . Follow-up Attacks . | . . . Damage Inflicted 507 | . 228 279 Guns 370 | . 228 142 Cannons . | . . . Explosions . | . . . Melee 137 | . . 137 Ramming . | . . . Kinetic 298 | . 228 70 Thermal 72 | . . 72 Explosive . | . . . Electromagnetic . | . . . Impact 109 | . . 109 Slashing 28 | . . 28 Piercing . | . . . Highest Corruption . | . . . Average Corruption . | . . . Corruption Purged . | . . . Overload Shots . | . . . Overflow Damage 6 | . . 6 Projectiles . | . . . Explosions . | . . . Melee 6 | . . 6 Knockbacks . | . . . Impact . | . . . Kinetic . | . . . Secondary . | . . . Self-Inflicted Damage . | . . . Shots . | . . . Rammed . | . . . Targets Rammed . | . . . Kicked . | . . . Crushed . | . . . Highest Temperature . | . . . Average Temperature . | . . . Received Heat Transfer 201 | . 186 15 Siege Activations . | . . . Robots Corrupted . | . . . Combat Hostiles . | . . . Parts Fried . | . . . Impact Corruptions 2 | . . 2 Robots Melted . | . . . Combat Hostiles . | . . . Parts Melted . | . . . Heat Transferred 185 | . . 185 Parts Sabotaged . | . . . Parts Stolen . | . . . Parts Stripped . | . . . Power Chain Reactions . | . . . Missiles Intercepted . | . . . Alert | -11 -10 -9 ------- Run | Scr Mat Mat Peak Influence 135 | . 135 103 Average Influence 48 | . 56 51 Maximum Alert Level . | . . . Low Security (%) 100 | 100 100 100 Level 1 . | . . . Level 2 . | . . . Level 3 . | . . . Level 4 . | . . . Level 5 . | . . . High Security . | . . . Max Security . | . . . Squads Dispatched 2 | . 1 1 Investigation 1 | . . 1 Extermination . | . . . Reinforcement 1 | . 1 . Assault . | . . . Garrison . | . . . Intercept . | . . . Construction Impeded . | . . . Haulers Reinforced . | . . . Stealth | -11 -10 -9 --------- Run | Scr Mat Mat Distress Signals 1 | . . 1 Communications Jammed . | . . . Distress Signals . | . . . Times Spotted 13 | . 7 6 Peak Tracking Total 4 | . 4 3 Tactical Retreats . | . . . Traps | -11 -10 -9 ------- Run | Scr Mat Mat Traps Triggered . | . . . Indirectly . | . . . Trap Hack Attempts . | . . . Triggered . | . . . Disarmed . | . . . Reprogrammed . | . . . Reused . | . . . Traps Extracted . | . . . Installed . | . . . Triggered . | . . . Machines | -11 -10 -9 ---------- Run | Scr Mat Mat Machines Disabled 2 | . 1 1 Max in Single Turn 1 | . 1 1 Machines Sabotaged . | . . . Garrisons Compromised . | . . . Overloaded Fab Kills . | . . . Fab Network Shutdowns . | . . . Hacking | -11 -10 -9 --------- Run | Scr Mat Mat Machines Accessed 1 | . . 1 Terminals 1 | . . 1 Fabricators . | . . . Repair Stations . | . . . Recycling Units . | . . . Scanalyzers . | . . . Garrison Access . | . . . Total Hacks 3 | . . 3 Successful . | . . . Failed 3 | . . 3 Catastrophic . | . . . Database Lockouts . | . . . Manual . | . . . Terminals 3 | . . 3 Fabricators . | . . . Repair Stations . | . . . Recycling Units . | . . . Scanalyzers . | . . . Garrison Access . | . . . Terminal Hacks . | . . . Fabricator Hacks . | . . . Repair Station Hacks . | . . . Recycling Unit Hacks . | . . . Scanalyzer . | . . . Garrison Access Hacks . | . . . Unauthorized Hacks . | . . . Terminals . | . . . Fabricators . | . . . Repair Stations . | . . . Recycling Units . | . . . Scanalyzers . | . . . Garrison Access . | . . . Data Cores Recovered . | . . . Used . | . . . Hacking Detections 1 | . . 1 Full Trace Events 1 | . . 1 Feedback Events . | . . . Feedback Blocked . | . . . Robot Schematics Acquired . | . . . Robots Built . | . . . Matter . | . . . Time . | . . . Total Robot Build Rating . | . . . Part Schematics Acquired . | . . . Parts Built . | . . . Matter . | . . . Time . | . . . Total Part Build Rating . | . . . Parts Repaired . | . . . Time . | . . . Parts Recycled . | . . . Recycled Matter . | . . . Retrieved Matter . | . . . Retrieved Components . | . . . Parts Scanalyzed . | . . . Part Schematics Acquired . | . . . Parts Damaged . | . . . Bothacking | -11 -10 -9 ------------ Run | Scr Mat Mat Used RIF Installer . | . . . Robots Hacked . | . . . Non-combat . | . . . Combat . | . . . Robot Hacks Applied . | . . . Relay Couplers Released . | . . . Robots Rewired . | . . . Allies Hacked . | . . . Hacks Repelled . | . . . Allies | -11 -10 -9 -------- Run | Scr Mat Mat Total Allies . | . . . Largest Group . | . . . Highest-Rated Group . | . . . Highest-Rated Ally . | . . . Total Orders . | . . . Ally Attacks . | . . . Total Damage . | . . . Kills . | . . . Allies Corrupted . | . . . Allies Melted . | . . . Intel | -11 -10 -9 ------- Run | Scr Mat Mat Robot Analysis Total . | . . . Derelict Logs Recovered . | . . . Drone Launches . | . . . Drone Recoveries . | . . . Exploration | -11 -10 -9 ------------- Run | Scr Mat Mat Turns Passed 516 | 59 269 188 Spaces Moved 276 | 46 134 96 Core 43 | 18 . 25 Treads 169 | 28 134 7 Legs 64 | . . 64 Wheels . | . . . Hover . | . . . Flight . | . . . Fastest Speed 50 | 50 160 100 Average Speed 138 | 116 160 118 Slowest Speed 160 | 160 160 160 Overloaded Moves . | . . . Propulsion Burnouts . | . . . Robots Hopped . | . . . Cave-ins Triggered . | . . . Exploration Rate (%) 14 | 3 30 10 Regions Visited 2 Branch Regions . Pre-discovered Areas . | . . . Known Exits Taken . | . . . Unknown Exits Taken 2 | 1 1 . Scrap Searched . | . . . Spaces Dug . | . . . Terrain Destroyed . | . . . Melee . | . . . Projectile . | . . . AOE . | . . . Actions | -11 -10 -9 --------- Run | Scr Mat Mat Total 349 | 51 162 136 Wait . | . . . Move 274 | 45 133 96 Hop . | . . . Pick Up 10 | 4 1 5 Fast Attach . | . . . Attach 9 | 2 1 6 Detach . | . . . Swap 1 | . . 1 Drop . | . . . Fire 45 | . 27 18 Melee 10 | . . 10 Ram . | . . . Kick . | . . . Crush . | . . . Escape Stasis . | . . . Rewire . | . . . Trap . | . . . Miscellaneous . | . . . Route ------- -11/Scrapyard -10/Materials -9/Materials History --------- Turn | Location | Event 2 | -11/Scrapyard | Met Revision 17 5 | -11/Scrapyard | Discovered new exit (range 15) 60 | -11/Scrapyard | Entered Materials 286 | -10/Materials | Core integrity fell below 50% 307 | -10/Materials | Discovered new exit (range 15) 312 | -10/Materials | Build established: Mutant 318 | -10/Materials | Core integrity fell below 20% 329 | -10/Materials | Entered another Materials area 329 | -9/Materials | Evolved 2 slots: Propulsion x2 465 | -9/Materials | Lost 3 parts (2n1w) 495 | -9/Materials | Core integrity fell below 50% 510 | -9/Materials | Core integrity fell below 20% 517 | -9/Materials | Self-destructed Last Messages --------------- Repair Station disabled. Beam Rifle destroyed. Lgt. Treads destroyed. Aluminum Leg destroyed. Atomic Centrifuge disabled. Beam Rifle severed. Assault Rifle destroyed. R-06 Scavenger collects Beam Rifle. Acquired Flail. Destroyed Imp. Aluminum Leg. L-31 Rogue system corrupted by crushing effect. L-31 Rogue system terminally corrupted. Destroyed Flight Unit. S-10 Pest system corrupted by crushing effect. K-01 Serf collects debris. Acquired Katana. K-01 Serf collects debris. S-10 Pest destroyed. K-01 Serf collects debris. Acquired 18 matter. Map ----- +----------------------------------------------------+ | ???????????????????????????????# #####????????? | | ???????????????????????????????# # ########## | | ???????????????????????????????# # # """ """ | | ???????????????????????????????# # # """ """ | | ???????????????????????????????# + # """ """ | | ???????????????????????????????# # # | | ???????????????????????????????#! # + | | ???????????????????????????????#! # # | | ???????????????????????????????#[ ### # | | ???????????????????????????????######?# # | | ??????????????????????????????????????# ########## | | ??????????????????????????????????????# #????????? | | ??????????????????????????????????????# #????????? | | ????????????????????????????????###?### ###??????? | | ????????????????????????????????? # #??????? | | ?????????????????????????????????? # T ####???? | | ??????????????????????????????????? / "" +???? | | ????????????????????????????????????# ## #???? | | ????????????????????????????????????# #??#???? | | ????????????????????????????????????## ##??????? | | ???????????????????################### ###+####? | | ?????????????###???# ## + ! #? | | ?????????????# ?# """ + # #? | | ?????????????# # """=## # "" #? | | ?????????????# + """[### #####+###### """#? | | ???????????????????# kY *@#?# ## % ##[ S"#? | | ???????????????????# %*#?# ## ##[ #? | | ???????????????????##########/## #########? | | ????????????????????????# # #????????? | | ????????????????????????# # #????????? | | ???????????????# #### """ # "" #????????? | | ???????????????# + """ + "R #????????? | | ???????????????# #### " " # """ #????????? | | ????????????????????????# # #????????? | | ????????????????????????##########+######????????? | | ?????????????????????????????????????????????????? | | ?????????????????????????????????????????????????? | | ?????????????????????????????????????????????????? | | ?????????????????????????????????????????????????? | | ?????????????????????????????????????????????????? | | ?????????????????????????????????????????????????? | | ?????????????????????????????????????????????????? | | ?????????????????????????????????????????????????? | | ?????????????????????????????????????????????????? | | ?????????????????????????????????????????????????? | | ?????????????????????????????????????????????????? | | ?????????????????????????????????????????????????? | | ?????????????????????????????????????????????????? | | ?????????????????????????????????????????????????? | | ?????????????????????????????????????????????????? | +----------------------------------------------------+ Best States ------------- Heat Dissipation 28 Energy Generation 5 Energy Capacity 100 Matter Stores 300 Matter Capacity 300 Sight Range 16 Terrain Scan Density 10 Evasion (%) 50 Recoil Reduction 2 Item Schematics ----------------- None Robot Schematics ------------------ None Fabricated ------------ Nothing Alien Tech Used ----------------- None Achievements -------------- None Challenges ------------ None Game ------ Seed OpticalSmallArray Manual? 0 Play Time 00:09:33 Cumulative 3.7 hours Start 2020.06.07 @ 07:46:15 End 2020.06.07 @ 07:52:59 Sessions 1 Manual Loads 0 Difficulty Rogue Special Mode None Game No. 9 Rogue 5 Adventurer 3 Explorer 1 Win Type - Total 0 Types 0/0/0/0/0/0/0 Lore% 1 Gallery% 9 Achievement% 8 Wizard Run 0 Options --------- ASCII 0 Keyboard 0 Movement Mouse Keybinds 0 Fullscreen 1 Font 18/SmallcapsGlow Map View 76x50 Tactical HUD 0 Map Filters NONE Filters NONE Steam 1 RUN: b7c7f498-dbaf-420f-948f-29726c41f6a6